Map: Magannatha LE

Players

LigerMaNN - Winner!

  • Race: Zerg Zerg
  • League: Diamond
  • Spawn Location: 5:00

A.I. 1 (Elite)

  • Race: Protoss Protoss
  • Spawn Location: 11:00

VOD

Have the link to the VOD?

Description

Time

  • Played on: June 7, 2025, 11:55 p.m.
  • Length: 11:56
Show
View Real Time Build Order
Export as new Build Order

LigerMaNN Zerg - Winner!

Build Orders: Hatch First, Roach Hydra 

Get SALT Encoding   

  12  0:00  Drone  
  13  0:13  Overlord  
  13  0:16  Drone  
  14  0:31  Drone x2  
  16  0:47  Hatchery  
  15  0:50  Drone  
  15  0:54  Drone  
  17  1:00  Drone  
  18  1:10  Extractor  
  17  1:14  Spawning Pool  
  17  1:16  Drone  
  17  1:20  Drone  
  18  1:28  Drone  
  19  1:39  Overlord  
  19  2:01  Zergling x6  
  19  2:02  Queen x2  
  26  2:14  Metabolic Boost  
  26  2:21  Drone x3  
  29  2:35  Hatchery  
  28  2:46  Drone x4  
  28  2:48  Drone  
  33  2:53  Overlord  
  31  3:09  Drone  
  31  3:10  Drone x4  
  36  3:13  Drone x3  
  36  3:19  Queen  
  39  3:24  Overlord  
  41  3:30  Overlord  
  41  3:35  Roach Warren  
  40  3:46  Drone  
  40  3:47  Drone x6  
  47  3:51  Extractor  
  46  3:57  Queen  
  48  4:03  Lair  
  48  4:06  Evolution Chamber  
  48  4:08  Drone x3  
  48  4:09  Drone  
  51  4:16  Overlord x2  
  50  4:34  Roach x7  
  64  4:39  Drone x4  
  64  4:40  Drone  
  64  4:42  Drone  
  70  4:47  Queen  
  70  4:51  Queen  
  74  5:05  Zerg Missile Weapons Level 1  
  74  5:07  Glial Reconstitution  
  74  5:10  Drone x3  
  74  5:11  Drone  
  74  5:12  Hatchery  
  77  5:32  Extractor  
  77  5:34  Overlord x7, Extractor  
  75  5:36  Overseer  
  75  5:58  Drone x4  
  75  5:59  Drone x7  
  86  6:07  Extractor  
  86  6:09  Extractor  
  84  6:17  Drone x3  
  87  6:19  Drone x3  
  87  6:22  Drone x2, Overlord  
  87  6:23  Overlord  
  92  6:39  Hydralisk Den  
  91  6:41  Roach x13  
  117  6:50  Evolution Chamber  
  116  7:00  Zerg Missile Weapons Level 2  
  116  7:06  Infestation Pit  
  115  7:10  Drone x8  
  115  7:11  Drone x6  
  129  7:25  Hydralisk, Muscular Augments  
  129  7:26  Hydralisk x6  
  129  7:28  Zergling x2  
  144  7:32  Overlord x7  
  144  7:49  Queen  
  146  7:57  Hydralisk x12  
  170  7:59  Zergling x4  
  170  8:00  Zergling x6  
  175  8:16  Hive  
  175  8:17  Pneumatized Carapace  
  175  8:21  Hydralisk x3  
  175  8:26  Drone x4, Extractor  
  175  8:27  Drone x5, Extractor  
  186  8:29  Grooved Spines  
  188  8:35  Spore Crawler  
  187  8:42  Zerg Ground Armor Level 1  
  139  9:12  Roach x23  
  175  9:53  Lurker Den  
  166  10:16  Hydralisk x3  
  166  10:17  Hydralisk x16  
  200  11:01  Hatchery  
Show
View Real Time Build Order
Export as new Build Order

A.I. 1 (Elite) Protoss 

Build Orders: 1 Gate Expand 

Get SALT Encoding   

  12  0:00  Probe  
  13  0:13  Probe  
  14  0:18  Pylon  
  14  0:25  Probe  
  15  0:33  Probe  
  15  0:39  Gateway  
  15  0:41  Probe  
  17  0:51  Probe  
  18  0:59  Probe  
  19  1:07  Probe  
  19  1:10  Assimilator  
  19  1:13  Pylon  
  20  1:30  Cybernetics Core  
  20  1:39  Nexus  
  20  1:43  Probe  
  21  1:47  Zealot  
  23  2:04  Gateway  
  23  2:06  Probe  
  24  2:14  Pylon  
  24  2:18  Probe  
  24  2:19  Warp Gate, Zealot  
  27  2:30  Probe  
  28  2:37  Assimilator  
  28  2:42  Probe  
  29  2:46  Adept  
  31  2:51  Adept  
  31  2:54  Probe  
  31  2:55  Probe  
  34  3:04  Probe  
  33  3:14  Probe  
  33  3:16  Zealot  
  33  3:18  Stalker  
  36  3:21  Probe  
  39  3:29  Pylon, Probe  
  39  3:33  Probe  
  41  3:40  Adept  
  39  3:41  Probe  
  39  3:43  Robotics Facility  
  42  3:49  Probe  
  42  3:53  Probe  
  44  3:56  Adept  
  44  4:01  Probe  
  47  4:04  Probe  
  47  4:12  Probe  
  47  4:13  Probe  
  47  4:15  Adept  
  51  4:17  Pylon  
  51  4:20  Probe  
  51  4:25  Probe  
  53  4:32  Probe  
  53  4:34  Immortal  
  53  4:35  Stalker  
  60  4:40  Probe  
  60  4:41  Pylon  
  60  4:44  Probe  
  62  4:46  Stalker  
  62  4:52  Probe  
  65  4:56  Probe, Robotics Facility  
  65  4:59  Stalker  
  68  5:03  Immortal  
  68  5:08  Probe  
  68  5:10  Probe  
  74  5:16  Pylon  
  74  5:18  Pylon  
  74  5:24  Sentry  
  74  5:25  Zealot  
  78  5:31  Assimilator  
  78  5:34  Probe  
  79  5:36  Gateway  
  79  5:42  Forge  
  79  5:45  Stalker  
  79  5:48  Stalker  
  83  5:53  Probe  
  83  5:54  Assimilator  
  84  5:59  Pylon  
  84  6:04  Protoss Ground Armor Level 1  
  84  6:08  Forge  
  84  6:09  Zealot  
  86  6:16  Probe, Nexus  
  86  6:22  Probe  
  86  6:24  Probe  
  88  6:30  Protoss Ground Weapons Level 1  
  89  6:35  Robotics Bay  
  89  6:42  Pylon  
  89  6:46  Sentry  
  91  6:48  Pylon  
  91  6:53  Observer, Gateway  
  92  7:00  Zealot  
  94  7:07  Photon Cannon  
  94  7:10  Pylon  
  94  7:11  Disruptor  
  94  7:16  Immortal  
  102  7:28  Probe x3  
  105  7:37  Assimilator  
  105  7:40  Probe x3  
  105  7:42  Pylon  
  105  7:43  Photon Cannon  
  108  7:44  Photon Cannon  
  108  7:46  Assimilator  
  108  7:47  Disruptor  
  112  7:52  Probe  
  112  7:53  Probe  
  112  7:54  Probe  
  112  7:55  Colossus  
  121  8:02  Probe  
  122  8:05  Probe  
  122  8:09  Probe  
  122  8:10  Pylon, Probe  
  124  8:12  Colossus  
  124  8:18  Probe x2, Photon Cannon  
  126  8:20  Probe  
  126  8:22  Zealot  
  126  8:26  Zealot  
  137  8:28  Zealot  
  137  8:29  Probe  
  137  8:30  Probe  
  137  8:32  Probe  
  142  8:34  Pylon  
  142  8:37  Zealot  
  144  8:42  Probe, Zealot  
  144  8:46  Zealot  
  149  8:48  Zealot  
  149  8:49  Observer  
  146  8:56  Pylon  
  146  8:57  Zealot  
  126  9:02  Zealot  
  126  9:06  Sentry  
  126  9:07  Immortal  
  126  9:08  Immortal, Stalker  
  113  9:17  Zealot  
  113  9:22  Zealot  
  97  9:25  Adept  
  97  9:29  Stalker  
  99  9:37  Zealot  
  93  9:38  Adept  
  93  9:42  Stalker  
  93  9:43  Colossus  
  93  9:45  Colossus  
  97  9:50  Protoss Shields Level 1  
  97  9:52  Adept, Zealot  
  113  9:57  Sentry  
  115  10:02  Pylon  
  115  10:05  Zealot  
  113  10:12  Stalker, Adept  
  99  10:18  Adept  
  85  10:25  Pylon  
  85  10:26  Stalker  
  87  10:32  Stalker, Sentry  
  73  10:35  Adept  
  73  10:37  Disruptor  
  73  10:39  Colossus  
  75  10:47  Stalker  
  75  10:49  Zealot  
  79  10:55  Zealot  
  79  10:56  Stalker  
  83  10:57  Probe x2  
  83  10:59  Pylon  
  84  11:07  Stalker  
  84  11:09  Probe  
  26  11:42  Pylon  
  26  11:45  Zealot  
Tags
 
Composition
Roach Hydra
League
Diamond
Matchup
PvZ
Replay Pack
June 2025
Spawn Locations
Cross Positions
Add a new tag
Caveats
  • Supply blocks, unpowered buildings, or Contaminate may cause inaccurate times.
  • Supply counts are checked every 10 seconds.